 Dungeon Crawl Stone Soup version 0.25-a0-341-g6f074c887a (webtiles) character file.

Game seed: 10238216291976037837, levelgen mode: deterministic

136 Conn the Firebug (level 5, -2/33 HPs)
             Began as an Octopode Fire Elementalist on Dec 30, 2019.
             Slain by Edmund
             ... wielding a +5 dire flail of crushing
              (11 damage)
             ... on level 4 of the Dungeon.
             The game lasted 00:06:14 (2604 turns).

Conn the Firebug (Octopode Fire Elementalist)       Turns: 2604, Time: 00:06:15

Health: -2/33      AC:  1    Str: 11 (12) XL:     5   Next: 19%
Magic:  3/9        EV: 13    Int: 19      God:
Gold:   179        SH:  0    Dex:  9 (12) Spells: 2/9 levels left

rFire    . . .     SeeInvis .   a - +0 short sword (drain)
rCold    + . .     Gourm    .   (no shield)
rNeg     . . .     Faith    .   (helmet restricted)
rPois    .         Spirit   .   (no amulet)
rElec    .         Reflect  .   o - ring of protection from cold
rCorr    .         Harm     .   (no ring)
MR       .....                  (no ring)
Stlth    +++.......             (no ring)
HPRegen  0.11/turn              (no ring)
MPRegen  0.11/turn              (no ring)
                                (no ring)
                                (no ring)

@: mighty
A: almost no armour, stealthy swim, amphibious, 8 rings, constrict 8, camouflage
1, gelatinous body 1
a: no special abilities


You were on level 4 of the Dungeon.
You were not hungry.

You visited 1 branch of the dungeon, and saw 4 of its levels.

You collected 179 gold pieces.

Inventory:

Hand Weapons
 a - a +0 short sword of draining (weapon)
Missiles
 e - a throwing net (quivered)
Jewellery
 o - a ring of protection from cold (left tentacle)
Scrolls
 c - 2 scrolls of remove curse {unknown}
 d - a scroll of random uselessness {unknown}
 h - 3 scrolls of identify {unknown}
 k - a scroll of enchant armour {unknown}
 n - a scroll of amnesia {unknown}
Potions
 i - a potion of degeneration
 j - a potion of brilliance {unknown}
 l - a potion of cancellation
 m - a potion of might
Comestibles
 b - 5 rations


   Skills:
 * Level 1.2 Fighting
 + Level 0.3 Short Blades
 + Level 2.3 Dodging
 + Level 3.4 Stealth
 * Level 2.8 Spellcasting
 * Level 2.0 Conjurations
 + Level 3.9 Fire Magic


You had 2 spell levels left.
You knew the following spells:

 Your Spells              Type           Power        Failure   Level  Hunger
a - Foxfire               Conj/Fire      ##..         4%          1    None
b - Conjure Flame         Conj/Fire      ##......     13%         3    ###....
c - Inner Flame           Hex/Fire       ##......     21%         3    ###....

Your spell library contained the following spells:

 Spells                   Type           Power        Failure   Level  Hunger
 Animate Skeleton         Necr           N/A          16%         1    None
 Apportation              Tloc           #.....       16%         1    None
 Confusing Touch          Hex            #.....       16%         1    None
 Summon Small Mammal      Summ           #...         16%         1    None
 Sticky Flame             Conj/Fire      ##......     41%         4    ####...
 Fireball                 Conj/Fire      ##........   77%         5    ######.


Dungeon Overview and Level Annotations

Branches:
Dungeon (4/15)
 Temple: D:4-7

Altars:
The Shining One

Annotations:
D:4 1 runed translucent door, Edmund


Innate Abilities, Weirdness & Mutations

You cannot wear most types of armour.
You are very stealthy in the water. (Stealth+)
You are amphibious.
You can wear up to eight rings at the same time.
You can use your tentacles to constrict eight enemies at once.
Your skin changes colour to match your surroundings (Stealth+).
Your rubbery body absorbs attacks. (AC +1, EV +1)


Message History

The foxfire hits Edmund but does no damage.
Edmund is lightly wounded.
You feel much better. Edmund barely misses you.
It was a potion of cancellation.
You feel magically purged.
Your magical contamination has completely faded away.
Edmund hits you with a +5 dire flail of crushing!
It was a potion of might.
You feel very mighty all of a sudden.
Edmund says, "People think my brother is the best.
I think he's crazy."
Edmund closely misses you.
You puncture Edmund! You drain Edmund. You grab Edmund.
Edmund is moderately wounded.
You constrict Edmund.
Edmund hits you with a +5 dire flail of crushing.
* * * LOW HITPOINT WARNING * * *
You puncture Edmund!
Edmund is severely wounded.
You constrict Edmund.
Edmund hits you with a +5 dire flail of crushing!
You die...

#.....###.##...##
##.....##.......#
.....###..##......##
..(. #>##..........#
#.. #. ##.........##
.. ##.####.........#
. .._.WA#g.#....#..
#+.####@###...# . #
##.@###..#..# ..
#>##.......##..#
...###......#.# .
.......#...#...
##...........#
##..#....#..#.
####.##...##....
#....##...##...
#...#..#....#.....


You could see Edmund and a goblin.

Vanquished Creatures
  Jessica (D:2)
  5 adders
  A worm (D:2)
  A dart slug (D:3)
  2 leopard geckos
  3 orcs (D:3)
  2 ball pythons (D:2)
  5 giant cockroaches
  7 goblins
  6 hobgoblins
  2 jackals (D:2)
  6 kobolds
  5 bats
  4 frilled lizards
  4 rats
54 creatures vanquished.

Vanquished Creatures (others)
  128 foxfires
128 creatures vanquished.

Grand Total: 182 creatures vanquished

Notes
Turn   | Place    | Note
-------+----------+-------------------------------------------
     0 | D:1      | Conn the Octopode Fire Elementalist began the quest for the
                  | Orb.
     0 | D:1      | Reached XP level 1. HP: 11/11 MP: 3/3
   132 | D:1      | Reached XP level 2. HP: 17/17 MP: 1/5
   690 | D:2      | Reached XP level 3. HP: 21/21 MP: 2/6
  1177 | D:2      | Noticed Jessica
  1189 | D:2      | Learned a level 3 spell: Conjure Flame
  1202 | D:2      | Killed Jessica
  1202 | D:2      | Reached XP level 4. HP: 27/27 MP: 0/7
  1429 | D:2      | Reached skill level 1 in Fighting
  2166 | D:3      | Reached XP level 5. HP: 21/33 MP: 5/9
  2516 | D:3      | Learned a level 3 spell: Inner Flame
  2569 | D:4      | Found a glowing golden altar of the Shining One.
  2569 | D:4      | Noticed an angel
  2569 | D:4      | Noticed a phantom
  2571 | D:4      | Noticed Edmund
  2590 | D:4      | Found a runed translucent door.
  2604 | D:4      | Slain by Edmund

Levels and vault maps discovered:
D:1:      roderic_crop_circles_arrival_small, layout_basic
D:2:      layout_basic, uniq_jessica
D:3:      layout_loops_cross
D:4:      layout_cave_pools, first_ration, lemuel_angel_altar, uniq_robin,
          uniq_menkaure, uniq_edmund

Skill      XL: |  1  2  3  4 |
---------------+-------------+-----
Stealth        | 3 |  3.4
Fighting       | 1 |  1.2
Conjurations   | 2 |  2.0
Short Blades   | |  0.3
Dodging        | |  2.3
Spellcasting   | |  2.8
Fire Magic     | |  3.9

Action                   |  1- 3 |  4- 6 || total
-------------------------+-------+-------++-------
Melee: Short sword       |    18 |    10 ||    28
       Constrict         |     7 |     2 ||     9
       Tentacles         |     2 |     1 ||     3
       Unarmed           |     1 |       ||     1
 Cast: Foxfire           |    40 |    40 ||    80
       Conjure Flame     |     1 |     1 ||     2
  Use: Potion            |       |     7 ||     7
 Stab: Sleeping          |     3 |       ||     3
  Eat: Chunk             |     1 |     5 ||     6
Armor: Skin              |     2 |     2 ||     4
Dodge: Dodged            |    21 |    34 ||    55

Table legend:
 A = Non-vault XP
 B = Vault XP
 C = Vault XP percentage of total XP
 D = Non-vault monster count
 E = Vault monster count
 F = Vault count percentage of total count
                 A         B        C        D         E       F
            +---------+---------+-------+---------+---------+-------
      Total |     158 |      37 |  19.0 |      53 |       1 |   1.9
            +---------+---------+-------+---------+---------+-------
        D:1 |      26 |       0 |   0.0 |      16 |       0 |   0.0
        D:2 |      53 |      37 |  41.1 |      21 |       1 |   4.5
        D:3 |      66 |       0 |   0.0 |      15 |       0 |   0.0
        D:4 |      13 |       0 |   0.0 |       1 |       0 |   0.0
            +---------+---------+-------+---------+---------+-------
